Map: Simulacrum LE

Players

Laughingman

  • Race: Protoss Protoss
  • League: Platinum
  • Spawn Location: 11:00

ViBE - Winner!

  • Race: Protoss Protoss
  • League: Gold
  • Spawn Location: 5:00

VOD

Have the link to the VOD?

Description

Time

  • Played on: Dec. 7, 2019, 7:21 p.m.
  • Length: 11:23
Show
View Real Time Build Order
Export as new Build Order

Laughingman Protoss 

Build Orders:  

Get SALT Encoding   

  12  0:01  Probe  
  13  0:16  Pylon  
  13  0:18  Probe  
  14  0:30  Probe (Chrono Boost)  
  15  0:36  Gateway  
  16  0:43  Probe (Chrono Boost)  
  16  0:47  Assimilator  
  16  0:51  Probe (Chrono Boost)  
  17  0:57  Probe  
  18  1:09  Probe  
  19  1:24  Assimilator  
  19  1:29  Probe  
  20  1:41  Probe  
  20  1:43  Cybernetics Core  
  21  1:50  Gateway  
  21  1:56  Probe (Chrono Boost)  
  22  2:07  Pylon  
  22  2:08  Probe (Chrono Boost)  
  23  2:25  Stalker, Probe  
  26  2:39  Nexus  
  26  2:41  Warp Gate  
  26  2:48  Adept  
  26  2:50  Probe  
  29  2:57  Pylon  
  29  3:02  Probe  
  30  3:15  Adept  
  30  3:19  Twilight Council  
  32  3:21  Probe  
  32  3:26  Stalker  
  35  3:33  Probe  
  36  3:42  Pylon  
  36  3:53  Probe  
  37  4:01  Gateway  
  37  4:02  Gateway  
  37  4:19  Probe  
  37  4:20  Probe  
  37  4:31  Dark Shrine  
  37  4:33  Robotics Facility  
  37  4:38  Probe x2  
  39  4:45  Sentry x2  
  39  4:46  Shield Battery  
  44  4:52  Probe  
  44  4:53  Probe  
  44  4:57  Assimilator  
  44  4:58  Assimilator  
  45  5:05  Probe x2  
  45  5:06  Charge  
  47  5:17  Probe x2  
  47  5:19  Stalker, Pylon  
  47  5:20  Pylon  
  51  5:21  Stalker  
  51  5:23  Observer (Chrono Boost)  
  54  5:29  Probe x2  
  56  5:38  Pylon  
  56  5:41  Probe x2  
  59  5:44  Warp Prism (Chrono Boost)  
  60  5:53  Probe x2  
  60  5:55  Dark Templar  
  64  5:57  Forge  
  64  6:03  Observer  
  65  6:11  Probe  
  65  6:13  Immortal  
  65  6:14  Robotics Facility  
  69  6:31  Probe  
  70  6:54  Dark Templar  
  70  6:55  Dark Templar x2  
  76  7:11  Gateway x2  
  76  7:13  Pylon  
  76  7:14  Nexus  
  76  7:15  Gateway x2  
  76  7:18  Gateway x2  
  76  7:20  Gateway  
  76  7:36  Stalker x3  
  82  7:37  Stalker  
  84  7:44  Protoss Ground Weapons Level 1  
  80  8:17  Zealot x5  
  80  8:18  Zealot x2  
  94  8:26  Pylon  
  94  8:27  Pylon  
  94  8:28  Pylon  
  94  8:32  Pylon  
  92  8:48  Dark Templar x5  
  98  8:49  Dark Templar  
  100  9:43  Photon Cannon  
  100  9:45  Photon Cannon  
  96  9:46  Photon Cannon  
  96  9:50  Dark Templar x2  
  96  9:51  Dark Templar x5  
  96  10:23  Dark Templar x3  
  96  10:25  Zealot  
  96  10:26  Zealot x5  
  108  10:49  Zealot  
  85  10:50  Zealot x4  
Show
View Real Time Build Order
Export as new Build Order

ViBE Protoss - Winner!

Build Orders:  

Get SALT Encoding   

  12  0:00  Probe  
  13  0:13  Probe  
  14  0:18  Pylon  
  14  0:28  Probe  
  15  0:37  Gateway  
  15  0:40  Probe  
  16  0:55  Probe (Chrono Boost)  
  17  1:02  Assimilator  
  17  1:07  Probe (Chrono Boost)  
  18  1:13  Probe (Chrono Boost)  
  19  1:21  Probe  
  19  1:22  Assimilator  
  20  1:27  Cybernetics Core  
  20  1:33  Probe  
  21  1:45  Probe  
  22  1:55  Pylon  
  22  1:57  Probe  
  23  2:02  Nexus  
  23  2:13  Probe (Chrono Boost)  
  25  2:24  Probe (Chrono Boost)  
  25  2:26  Pylon  
  25  2:28  Probe (Chrono Boost)  
  26  2:39  Probe  
  26  2:40  Warp Gate  
  26  2:42  Stalker  
  29  2:51  Probe  
  29  2:53  Gateway  
  29  2:57  Robotics Facility  
  30  3:02  Pylon  
  30  3:03  Probe (Chrono Boost)  
  32  3:13  Probe (Chrono Boost)  
  32  3:16  Stalker, Probe (Chrono Boost)  
  32  3:19  Probe (Chrono Boost)  
  37  3:27  Probe (Chrono Boost)  
  37  3:30  Probe (Chrono Boost)  
  37  3:32  Pylon  
  39  3:34  Probe (Chrono Boost)  
  39  3:36  Probe (Chrono Boost)  
  40  3:41  Probe  
  40  3:44  Observer, Probe  
  40  3:46  Stalker x2  
  47  3:53  Probe  
  48  3:56  Probe  
  49  4:05  Probe  
  49  4:06  Immortal  
  49  4:08  Probe  
  54  4:17  Nexus  
  54  4:20  Probe x2  
  56  4:27  Assimilator  
  56  4:29  Assimilator  
  56  4:31  Pylon  
  56  4:32  Probe  
  56  4:33  Probe  
  56  4:37  Stalker  
  60  4:41  Stalker  
  60  4:45  Probe x2 (Chrono Boost)  
  64  4:57  Probe x2 (Chrono Boost)  
  66  5:02  Probe (Chrono Boost)  
  66  5:03  Probe (Chrono Boost)  
  68  5:11  Probe x2  
  70  5:16  Pylon, Stalker x2  
  70  5:17  Pylon  
  74  5:23  Probe x2  
  76  5:29  Pylon  
  76  5:30  Immortal  
  76  5:32  Pylon  
  76  5:35  Probe x2  
  82  5:38  Pylon  
  82  5:41  Stalker x2  
  86  5:47  Probe, Twilight Council  
  86  5:48  Probe x2  
  89  5:56  Pylon  
  89  5:58  Pylon  
  89  6:00  Probe x3  
  92  6:05  Stalker x2  
  96  6:15  Probe x2 (Chrono Boost)  
  96  6:16  Probe (Chrono Boost)  
  99  6:20  Nexus  
  99  6:21  Pylon  
  99  6:27  Probe x2 (Chrono Boost)  
  99  6:28  Probe (Chrono Boost)  
  99  6:31  Stalker  
  99  6:32  Templar Archives, Stalker  
  106  6:35  Probe x3 (Chrono Boost)  
  109  6:42  Probe  
  109  6:43  Probe  
  109  6:44  Probe  
  107  6:47  Observer  
  107  7:00  Probe  
  107  7:01  Probe x2  
  110  7:03  Gateway  
  110  7:06  Gateway  
  110  7:07  Gateway  
  110  7:09  Gateway  
  110  7:12  Stalker x2  
  110  7:13  Immortal  
  118  7:19  Probe (Chrono Boost)  
  118  7:20  Probe x2 (Chrono Boost), Assimilator x2  
  121  7:28  Pylon  
  121  7:31  Probe (Chrono Boost)  
  121  7:32  Pylon, Probe (Chrono Boost)  
  121  7:33  Probe (Chrono Boost)  
  124  7:40  Probe (Chrono Boost)  
  124  7:41  Probe x2 (Chrono Boost)  
  126  7:52  Stalker, Nexus  
  126  7:53  Stalker  
  126  7:58  Immortal  
  132  7:59  Stalker x2  
  132  8:01  Stalker  
  132  8:03  Stalker  
  140  8:06  Probe x2  
  140  8:07  Probe  
  143  8:18  Probe x2  
  143  8:19  Probe  
  146  8:32  Stalker  
  146  8:33  Stalker x3  
  146  8:34  Stalker x2  
  158  8:37  Immortal  
  158  8:39  Robotics Facility x2  
  162  8:45  Forge  
  162  8:47  Forge  
  162  8:49  Forge  
  162  8:51  Gateway  
  162  8:53  Gateway  
  162  8:59  Gateway  
  162  9:03  Gateway  
  162  9:08  Assimilator, Gateway  
  162  9:10  Gateway, Assimilator  
  162  9:12  Gateway  
  162  9:14  Gateway  
  162  9:17  Gateway  
  162  9:23  Photon Cannon  
  156  9:25  Nexus, Photon Cannon  
  156  9:26  Pylon  
  156  9:27  Photon Cannon  
  156  9:30  Photon Cannon  
  156  9:31  Photon Cannon  
  144  9:34  Photon Cannon  
  144  9:35  Probe x3  
  124  9:47  Probe (Chrono Boost)  
  124  9:48  Probe x2 (Chrono Boost)  
  124  9:58  Probe (Chrono Boost)  
  124  9:59  Probe x2 (Chrono Boost)  
  127  10:00  High Templar x3  
  127  10:01  High Templar x3  
  127  10:03  Probe x2 (Chrono Boost)  
  127  10:06  High Templar  
  143  10:07  High Templar x4  
  143  10:08  High Templar  
  143  10:11  Archon x3  
  143  10:12  Archon x3  
  143  10:13  Probe  
  143  10:14  Probe  
  154  10:25  Probe  
  154  10:26  Probe  
  150  10:38  Probe x2  
  150  10:40  Nexus  
  144  10:49  Stalker  
  139  10:50  Probe  
  139  10:54  Stalker  
  139  10:56  Stalker  
  132  11:02  Probe, High Templar  
  132  11:04  High Templar  
  135  11:07  Archon  
  133  11:12  Pylon  
  133  11:14  Pylon  
Tags
 
Add a new tag
Caveats
  • Supply blocks, unpowered buildings, or Contaminate may cause inaccurate times.
  • Supply counts are checked every 10 seconds.